 Dungeon Crawl Stone Soup version 0.24.0-35-gdb84b6a5db (webtiles) character file.

Game seed: 5968294045253443903, levelgen mode: deterministic

108688 grindst0ne the Warrior (level 17, -14/122 HPs)
             Began as a Kobold Berserker on Nov 18, 2019.
             Was a High Priest of Trog.
             Demolished by Aizul (43 damage)
             ... on level 4 of the Lair of Beasts.
             The game lasted 01:07:28 (33707 turns).

grindst0ne the Warrior (Kobold Berserker)          Turns: 33707, Time: 01:07:29

Health: -14/122    AC: 19    Str: 16    XL:     17   Next: 5%
Magic:  26/26      EV: 31    Int:  9    God:    Trog [*****.]
Gold:   1353       SH:  0    Dex: 30    Spells: 16/16 levels left

rFire    . . .     SeeInvis .   K - +9 dagger "Sodawekh" {pierce, rF+ rN+ Dex+3}
rCold    + + +     Gourm    .   H - +0 shield
rNeg     + . .     Faith    .   G - +4 ice dragon scales
rPois    +         Spirit   .   (no helmet)
rElec    +         Reflect  .   r - +1 cloak
rCorr    .         Harm     .   X - +0 pair of gloves (curse)
MR       +....                  R - +2 pair of boots {Fly}
Stlth    +.........             (no amulet)
HPRegen  0.30/turn              k - ring of poison resistance
MPRegen  0.20/turn              t - ring of Coucziow {rElec rC+ MP+9 Dex+3 Stlth-}

@: agile, lethally poisoned (-14 -> -16), sleeping, berserk cooldown, flying,
slowed, studying Polearms
A: small, carnivore
a: Berserk, Trog's Hand, Brothers in Arms, Renounce Religion, Stop Flying


You were on level 4 of the Lair of Beasts.
You worshipped Trog.
Trog was extremely pleased with you.
You were not hungry.

You visited 4 branches of the dungeon, and saw 24 of its levels.

You collected 2560 gold pieces.
You spent 1207 gold pieces at shops.

Inventory:

Hand Weapons
 j - a +5 quick blade
 K - the +9 dagger "Sodawekh" (weapon) {pierce, rF+ rN+ Dex+3}
   (You bought it in a shop on level 5 of the Dungeon)

   It inflicts extra damage upon your enemies.
   It affects your dexterity (+3).
   It protects you from fire.
   It protects you from negative energy.
 N - a +2 demon blade of chaos
 U - a +4 antimagic rapier
Missiles
 J - 4 throwing nets (quivered)
Armour
 r - a +1 cloak (worn)
 G - +4 ice dragon scales (worn)
 H - a +0 shield (worn)
 R - a +2 pair of boots of flying (worn)
 X - a cursed +0 pair of gloves (worn)
Jewellery
 k - a ring of poison resistance (left hand)
 t - the ring of Coucziow (right hand) {rElec rC+ MP+9 Dex+3 Stlth-}
   (You bought it in a shop on level 2 of the Orcish Mines)

   [ring of protection from cold]

   It affects your dexterity (+3).
   It protects you from cold.
   It insulates you from electricity.
   It affects your magic capacity (+9).
   It makes you less stealthy.
 V - an uncursed ring of protection from cold
Wands
 i - a wand of acid (5)
 m - a wand of flame (17)
 A - a wand of polymorph (46)
 B - a wand of digging (13)
 F - a wand of iceblast (23)
 I - a wand of scattershot (2)
 M - a wand of clouds (2)
 W - a wand of paralysis (7)
Scrolls
 d - 6 scrolls of teleportation
 e - 2 scrolls of fog
 f - a scroll of vulnerability
 l - a scroll of amnesia {unknown}
 s - 6 scrolls of magic mapping
 u - a scroll of immolation
 y - 7 scrolls of fear
 z - 7 scrolls of remove curse
Potions
 g - 4 potions of flight
 h - 6 potions of magic
 n - 2 potions of might
 p - 2 potions of mutation
 q - a potion of brilliance
 v - 2 potions of berserk rage
 w - 6 potions of resistance
 C - 2 potions of heal wounds
 D - 4 potions of cancellation
 P - 2 potions of curing
Books
 o - a manual of Polearms
Comestibles
 c - 47 rations


   Skills:
 - Level 19.2 Fighting
 - Level 15.0(15.7) Short Blades
 * Level 5.2(8.4) Long Blades
 - Level 1.5 Armour
 - Level 17.0 Dodging
 * Level 9.1 Shields


You had 16 spell levels left.
You didn't know any spells.
Your spell library contained the following spells:

 Spells                   Type           Power        Failure   Level  Hunger
 Magic Dart               Conj           #...         99%         1    ##.....
 Shock                    Conj/Air       #...         99%         1    ##.....
 Blink                    Tloc           N/A          100%        2    ###....
 Call Imp                 Summ           #.......     100%        2    ###....
 Slow                     Hex            #.......     100%        2    ###....
 Swiftness                Chrm/Air       #.......     100%        2    ###....
 Conjure Flame            Conj/Fire      #.......     100%        3    ####...
 Mephitic Cloud           Conj/Pois/Air  #.......     100%        3    ####...
 Static Discharge         Conj/Air       #.......     100%        3    ####...
 Airstrike                Air            #.........   100%        4    #####..
 Leda's Liquefaction      Hex/Erth       #.........   100%        4    #####..
 Bolt of Magma            Conj/Fire/Erth #.........   100%        5    ######.
 Lightning Bolt           Conj/Air       #.........   100%        5    ######.
 Iron Shot                Conj/Erth      #.........   100%        6    #######
 Statue Form              Tmut/Erth      #........    100%        6    #######
 Shatter                  Erth           #.........   100%        9    #######


Dungeon Overview and Level Annotations

Branches:
Dungeon (15/15)            Temple (0/1) D:7            Lair (6/6) D:9
 Shoals (0/4) Lair:3       Spider (1/4) Lair:4        Slime (0/5) Lair:6
    Orc (2/2) D:11            Elf (0/3) Orc:2        Vaults (0/5) D:13
 Depths (0/5) D:15

Altars:
Ashenzari
Hepliaklqana
Makhleb
Nemelex Xobeh
Beogh
Jiyva

Shops:
D:5 ?*![   D:12 }   D:15 }   Orc:1 *   Orc:2 ((=(

Annotations:
D:6 exclusion: downstairs
Lair:2 exclusion: oklob plant
Lair:4 Aizul


Innate Abilities, Weirdness & Mutations

You are small and have problems with some larger weapons.
You are carnivorous and can eat meat at any time.


Message History

Aizul coils herself and waves her upper body at you.
The poison arrow misses you.
You hit Aizul.
Aizul is almost dead.
Aizul hits you but does no damage.
Your shield and ice dragon scales prevent you from hitting Aizul.
Aizul is almost dead.
You feel sick. Aizul misses you.
You hit Aizul but do no damage.
Aizul is almost dead.
You feel sick. Aizul misses you.
You hit Aizul.
Aizul is almost dead.
Aizul casts a spell at you.
You fall asleep.
Aizul completely misses you.
You feel sick. Aizul completely misses you.
You feel sick. Aizul barely misses you. Aizul closely misses you.
Aizul hits you!!!
You die...

## #.......### ♣P≈♣♣♣#..## .##
##.......#.##♣P.♣♣#..## ..#
#...........###.##...### ..#####
##.............#......##.
.>...P###....##...#...P..#.......
(...........####.###.(...........
............#....#.##............
(............##..................
................@†...............
.(.......#....#[.S##..........<..
.#......###.#..#...##.....####...
#((......#..#.#..###......# #.##
.###....###..##...##......# ###
####...## #.............#.# #
#....####........#.#...###
####....#P##......#.#......#
.##.......##......##......###


You could see Aizul.

Vanquished Creatures
  Asterion (Lair:4)
  Gastronok (Lair:2)
  Kirke (D:15)
  A stone giant (Orc:2)
  Nessos (Lair:4)
  A dire elephant (D:15)
  A spark wasp (Lair:4)
  A fire dragon (Lair:6)
  Erolcha (Orc:2)
  Harold (Lair:2)
  An ice dragon (Lair:6)
  14 hydras
  4 vault guards (D:13)
  5 two-headed ogres
  2 centaur warriors (D:15)
  A death knight (D:13)
  Nergalle (Lair:2)
  5 skeletal warriors (D:13)
  7 hell knights (D:15)
  The ghost of Flugslaktarn the Cleaver, a novice HOFi (D:6)
  3 unseen horrors
  A swamp dragon (Lair:6)
  Pikel (D:5)
  2 orc knights (Orc:1)
  A lindwurm (Lair:6)
  An orb spider (Spider:1)
  8 orc sorcerers
  6 wolf spiders (Lair:4)
  10 ugly things
  2 cyclopes
  2 manticores
  A centaur zombie (D:12)
  A guardian serpent (shapeshifter) (D:14)
  5 elephants (Lair:5)
  Joseph (D:7)
  2 black mambas
  2 molten gargoyles (Lair:5)
  12 spiny frogs
  A gargoyle (D:10)
  5 torpor snails (Lair:6)
  3 rime drakes
  8 komodo dragons
  2 demonic crawlers (Lair:4)
  3 jumping spiders (Lair:4)
  6 trolls
  A merfolk (Lair:3)
  Prince Ribbit (D:7)
  8 hornets
  4 tyrant leeches (Lair:6)
  Grinder (D:5)
  25 blink frogs
  2 polar bears
  11 hippogriffs
  7 slime creatures
  7 dream sheep (Lair:6)
  A spriggan (shapeshifter) (D:14)
  6 tarantellas
  A shadow (D:13)
  6 redbacks
  A wraith (D:13)
  4 wyverns
  3 hungry ghosts
  39 yaks
  7 hogs
  3 basilisks
  A human (D:7)
  7 wargs
  7 hell hounds (D:15)
  Edmund (D:5)
  5 acid dragons
  13 water moccasins
  7 porcupines
  6 swamp drakes (Lair:6)
  27 orc warriors
  A sky beast (D:7)
  3 slaves (D:5)
  3 black bears
  7 ice beasts
  2 necrophages
  2 eyes of draining (D:14)
  17 wolves
  9 ogres
  15 centaurs
  13 crocodiles
  Blork the orc (D:6)
  2 big kobolds
  A gnoll sergeant (D:8)
  25 bullfrogs
  A water moccasin zombie (D:7)
  2 water moccasin skeletons
  A wyvern skeleton (D:13)
  3 scorpions
  4 wights (D:10)
  An electric eel (Lair:2)
  5 lava snakes (Lair:5)
  6 crimson imps
  3 bullfrog zombies
  6 jellies
  23 orc priests
  A water moccasin simulacrum (D:6)
  4 hounds
  5 bullfrog skeletons
  5 centaur skeletons
  56 orc wizards
  Crazy Yiuf (D:2)
  Jessica (D:2)
  5 iguanas
  Natasha (thrice) (D:3)
  13 worker ants
  A hound zombie (D:9)
  A howler monkey zombie (D:10)
  10 gnolls
  14 adders
  2 shadow imps
  4 white imps (D:6)
  3 oozes
  4 worms
  3 dart slugs
  2 leopard geckos (D:2)
  141 orcs
  3 giant cockroaches
  4 goblins
  8 hobgoblins
  17 jackals
  20 kobolds
  3 quokkas
  A ball python (D:2)
  5 bats
  6 frilled lizards
  A leopard gecko skeleton (D:7)
  A quokka simulacrum (D:6)
  3 rats (D:1)
  A fungus (D:2)
  A plant (Lair:6)
861 creatures vanquished.

Vanquished Creatures (collateral kills)
  An orc warrior (Orc:1)
  An orc wizard (Orc:1)
  An orc (Orc:1)
3 creatures vanquished.

Vanquished Creatures (others)
  2 orc wizards (Orc:2)
  16 fungi
  25 plants
43 creatures vanquished.

Grand Total: 907 creatures vanquished

Notes
Turn   | Place    | Note
-------+----------+-------------------------------------------
     0 | D:1      | grindst0ne the Kobold Berserker began the quest for the
                  | Orb.
     0 | D:1      | Reached XP level 1. HP: 14/14 MP: 1/1
    98 | D:1      | Reached XP level 2. HP: 18/19 MP: 2/2
   312 | D:1      | Reached XP level 3. HP: 7/24 MP: 3/3
   663 | D:1      | Reached ** piety under Trog
   663 | D:1      | Reached skill level 4 in Fighting
   666 | D:1      | Reached skill level 5 in Short Blades
   875 | D:2      | Reached XP level 4. HP: 30/30 MP: 4/4
  1205 | D:2      | Found a shattered altar of Ashenzari.
  1314 | D:2      | Found a runed translucent door.
  1315 | D:2      | Noticed Crazy Yiuf
  1324 | D:2      | Killed Crazy Yiuf
  1324 | D:2      | Reached XP level 5. HP: 34/34 MP: 0/5
  1474 | D:2      | Reached skill level 5 in Fighting
  1597 | D:2      | Noticed Jessica
  1602 | D:2      | Killed Jessica
  1917 | D:3      | Noticed Natasha
  1934 | D:3      | Killed Natasha
  1934 | D:3      | Reached XP level 6. HP: 25/40 MP: 6/6
  1943 | D:3      | Noticed Natasha
  1967 | D:3      | Killed Natasha
  2381 | D:3      | Noticed Natasha
  2396 | D:3      | Killed Natasha
  2633 | D:4      | Reached skill level 6 in Fighting
  2820 | D:4      | Reached XP level 7. HP: 41/46 MP: 7/7
  3017 | D:4      | Reached *** piety under Trog
  3334 | D:5      | Entered Level 5 of the Dungeon
  3334 | D:5      | Found Ypsotys's Distillery.
  3334 | D:5      | Found Okoegg's Food Shop.
  3352 | D:5      | Noticed Pikel
  3511 | D:5      | Noticed Grinder
  3529 | D:5      | Killed Pikel
  3529 | D:5      | Reached skill level 7 in Fighting
  3529 | D:5      | Reached XP level 8. HP: 23/54 MP: 8/8
  3533 | D:5      | HP: 2/81 [Grinder (6)]
  3814 | D:5      | Paralysed by Grinder for 7 turns
  3824 | D:5      | Killed Grinder
  4080 | D:5      | Found Dohasu's Assorted Antiques.
  4094 | D:5      | Found Xenenn's Magic Scroll Shop.
  4104 | D:5      | Reached skill level 8 in Fighting
  4186 | D:5      | Found Xymyhad's Armour Shoppe.
  4212 | D:5      | Found a hazy altar of Hepliaklqana.
  4248 | D:5      | Noticed Edmund
  4254 | D:5      | Reached skill level 10 in Short Blades
  4266 | D:5      | Killed Edmund
  4565 | D:5      | Reached XP level 9. HP: 60/60 MP: 9/9
  4655 | D:5      | Bought a scorched dagger for 203 gold pieces
  4655 | D:5      | Identified the +9 dagger "Sodawekh" {pierce, rF+ rN+ Dex+3}
                  | (You bought it in a shop on level 5 of the Dungeon)
  4819 | D:6      | Reached skill level 9 in Fighting
  4900 | D:6      | Found a runed translucent gate.
  4900 | D:6      | Found a runed translucent gate.
  4900 | D:6      | Found a runed translucent gate.
  4903 | D:6      | Noticed Blork the orc
  4914 | D:6      | Killed Blork the orc
  5229 | D:6      | Noticed Flugslaktarn's ghost (novice HOFi)
  5369 | D:6      | Killed Flugslaktarn's ghost
  5369 | D:6      | Reached skill level 10 in Fighting
  5374 | D:6      | Reached **** piety under Trog
  5423 | D:6      | Got the ring of Wenwoy {Fire}
  5430 | D:6      | Identified the ring of Wenwoy {Fire *Corrode +Fly rElec
                  | Str+3} (You found it on level 6 of the Dungeon)
  5465 | D:7      | Noticed Joseph
  5499 | D:7      | Reached XP level 10. HP: 63/68 MP: 10/10
  5544 | D:7      | Killed Joseph
  5544 | D:7      | Reached skill level 11 in Fighting
  5845 | D:7      | Found a staircase to the Ecumenical Temple.
  5899 | D:7      | Noticed Prince Ribbit
  5915 | D:7      | Killed Prince Ribbit
  6520 | D:7      | Got a steaming hand axe
  6521 | D:7      | Identified the +3 hand axe of Valour {chop, Dex+3} (You
                  | found it on level 7 of the Dungeon)
  6779 | D:7      | Reached skill level 12 in Fighting
  6795 | D:7      | Reached XP level 11. HP: 76/76 MP: 11/11
  7425 | D:8      | Noticed a two-headed ogre
  7442 | D:8      | Killed a two-headed ogre
  7454 | D:8      | Received a gift from Trog
  7523 | D:8      | Reached ***** piety under Trog
  7535 | D:8      | Reached skill level 15 in Short Blades
  7807 | D:8      | Reached skill level 13 in Fighting
  7820 | D:8      | Found a roughly hewn altar of Beogh.
  8499 | D:9      | Found a staircase to the Lair.
  8840 | D:10     | Entered Level 10 of the Dungeon
  9010 | D:10     | Reached skill level 5 in Dodging
  9019 | D:10     | You fall into a shaft and drop 1 floor!
  9242 | D:11     | Found a staircase to the Orcish Mines.
  9252 | D:11     | Received a gift from Trog
  9323 | D:11     | Killed an unseen horror
  9867 | D:10     | Reached XP level 12. HP: 47/84 MP: 12/12
 10212 | D:11     | Reached skill level 14 in Fighting
 11148 | D:12     | Noticed a two-headed ogre
 11153 | D:12     | Killed a two-headed ogre
 11592 | D:12     | Found Caxkia's Gadget Boutique.
 11957 | D:13     | Noticed a two-headed ogre
 11974 | D:13     | Killed a two-headed ogre
 12125 | Lair:1   | Entered Level 1 of the Lair of Beasts
 12146 | Lair:1   | Reached skill level 15 in Fighting
 12576 | Lair:1   | Reached skill level 10 in Dodging
 12818 | Lair:1   | Reached XP level 13. HP: 87/92 MP: 13/13
 13026 | Lair:1   | Reached ****** piety under Trog
 13414 | Lair:1   | Noticed a six-headed hydra
 13464 | Lair:1   | Killed a six-headed hydra
 13845 | Lair:2   | Received a gift from Trog
 14057 | Lair:2   | Noticed Gastronok
 14072 | Lair:2   | Killed Gastronok
 14072 | Lair:2   | Reached skill level 16 in Fighting
 14374 | Lair:2   | Noticed Harold
 14388 | Lair:2   | Killed Harold
 14699 | Lair:2   | Noticed Nergalle
 14714 | Lair:2   | Killed Nergalle
 15823 | Lair:3   | Found a burning altar of Makhleb.
 15929 | Lair:3   | Noticed a six-headed hydra
 15937 | Lair:3   | Killed a six-headed hydra
 16049 | Lair:3   | Found a staircase to the Shoals.
 16508 | Lair:4   | Noticed a five-headed hydra
 16516 | Lair:4   | Killed a five-headed hydra
 16837 | Lair:4   | Reached XP level 14. HP: 84/100 MP: 14/14
 16929 | Lair:4   | Reached skill level 17 in Fighting
 16943 | Lair:4   | Found a hole to the Spider Nest.
 17233 | Lair:4   | Noticed Nessos
 17266 | Lair:4   | Killed Nessos
 17810 | Lair:5   | Received a gift from Trog
 18506 | Lair:5   | You fall into a shaft and drop 1 floor!
 18506 | Lair:6   | Entered Level 6 of the Lair of Beasts
 18856 | Lair:6   | Reached skill level 15 in Dodging
 18940 | Lair:6   | Reached skill level 18 in Fighting
 19032 | Lair:6   | Received a gift from Trog
 19044 | Lair:6   | Got a sapphire short sword {god gift}
 19045 | Lair:6   | Identified the +9 short sword "Wad Emea" {pierce, Dex+4
                  | Stlth+} (Trog gifted it to you on level 6 of the Lair of
                  | Beasts)
 19793 | Lair:5   | Reached XP level 15. HP: 96/108 MP: 15/15
 20469 | Lair:6   | Found a runed translucent door.
 20657 | Lair:6   | Paralysed by a hornet for 1 turns
 20676 | Lair:6   | Reached skill level 1 in Shields
 21495 | Lair:6   | Found a runed translucent door.
 21495 | Lair:6   | Found a viscous altar of Jiyva.
 21495 | Lair:6   | Found a staircase to the Slime Pits.
 22192 | Lair:6   | Identified a scroll of acquirement
 22787 | D:13     | Found a gate to the Vaults.
 23365 | D:13     | Received a gift from Trog
 23517 | D:13     | Reached skill level 5 in Shields
 25008 | D:14     | Found a sparkling altar of Nemelex Xobeh.
 25305 | D:14     | Reached skill level 19 in Fighting
 25427 | D:14     | Reached XP level 16. HP: 116/116 MP: 16/16
 26165 | D:15     | Entered Level 15 of the Dungeon
 26758 | D:15     | Noticed Kirke
 26799 | D:15     | Killed Kirke
 26889 | D:15     | Found Dauq's Gadget Boutique.
 27118 | D:15     | Found a staircase to the Depths.
 27459 | D:15     | Received a gift from Trog
 27983 | D:15     | Reached skill level 1 in Long Blades
 28877 | Orc:1    | Entered Level 1 of the Orcish Mines
 28980 | Orc:1    | Found Peicae's Assorted Antiques.
 29485 | Orc:2    | Entered Level 2 of the Orcish Mines
 30106 | Orc:1    | Received a gift from Trog
 30780 | Orc:2    | Noticed Erolcha
 30803 | Orc:2    | Killed Erolcha
 30909 | Orc:2    | Found Abuty's Jewellery Shop.
 30909 | Orc:2    | Found Xyolisig's Antique Weapon Shoppe.
 30935 | Orc:2    | Received a gift from Trog
 30957 | Orc:2    | Paralysed by an orc sorcerer for 6 turns
 31028 | Orc:2    | Found a roughly hewn altar of Beogh.
 31364 | Orc:2    | Found a staircase to the Elven Halls.
 31481 | Orc:2    | Found Ofiuhemn's Weapon Shop.
 31481 | Orc:2    | Found Juihoino's Weapon Shoppe.
 31535 | Orc:2    | Bought the ring of Coucziow {rElec rC+ MP+9 Dex+3 Stlth-}
                  | for 1004 gold pieces
 31760 | Spider:1 | Entered Level 1 of the Spider Nest
 32022 | Spider:1 | Noticed Asterion
 32975 | Lair:4   | Killed Asterion
 33121 | Lair:4   | Reached skill level 5 in Long Blades
 33121 | Lair:4   | Reached XP level 17. HP: 116/122 MP: 17/17
 33289 | Spider:1 | Noticed Aizul
 33707 | Lair:4   | Demolished by Aizul

Levels and vault maps discovered:
D:1:      evilmike_arrival_crescent, layout_rooms
D:2:      layout_basic, ashenzari_altar_1, uniq_crazy_yiuf_cottage, uniq_jessica
D:3:      layout_rooms, first_ration, uniq_natasha
D:4:      layout_rooms
D:5:      layout_basic, nicolae_overflow_crystal_walls, serial_shops,
          nicolae_shop_window_shopping, nicolae_shop_crystal,
          nicolae_shop_statue_plus, shop_fountains, shop, minmay_manual_mares,
          uniq_pikel, uniq_edmund, uniq_grinder
D:6:      layout_cave_pools, gammafunk_ghost_icy, st_stairs_4,
          uniq_blork_the_orc
D:7:      layout_cave_pools, temple_hall, grunt_livestock,
          corexii_leaking_fountain, uniq_prince_ribbit1, uniq_joseph
D:8:      layout_loops_ring, special_room [special_room_orc], dk_vineyard_1
D:9:      layout_rooms, david_lair_shrubbed, hangedman_abyss_or_decor_passed
D:10:     layout_loops_corners
D:11:     wad_crossroads, layout_irregular_city
D:12:     minmay_weird_star, layout_loops_ring, serial_shops, shop,
          due_unseen_surprise
D:13:     layout_small_grid, lightli_vaults_fourway_checkpoint
D:14:     layout_irregular_city, nemelex_xobeh_ov_fountains_minmay
D:15:     hangedman_depths_entry_try_elsewhere_first, layout_irregular_city,
          serial_shops, shop, drop_trap, minmay_rotating_lava, uniq_kirke
Lair:1:   layout_hall_layers
Lair:2:   layout_small_grid, chequers_serial_rivers_micro_e,
          minmay_lair_oklob_chamber, grunt_megastairs_2,
          infiniplex_staircase_pool, uniq_harold, uniq_gastronok, uniq_nergalle
Lair:3:   layout_regular_city, elwin_shoals_entry_rooms, basic_altar
Lair:4:   layout_hall_layers, nicolae_spider_entry_non_spiders,
          chequers_serial_rivers_micro_d, serial_bayou_crossing, uniq_nessos
Lair:5:   cheibrodos_magma_flow, layout_misc_corridors, beast_lair_carwin_7
Lair:6:   guppyfry_lair_end_dragon, layout_long_grid, wormcave, slime_altar_2
Spider:1: layout_spider_delve, uniq_asterion, uniq_aizul
Orc:1:    layout_caves, serial_shops, nicolae_shop_competitors_out_of_business
Orc:2:    st_orc_town, layout_diamond_mine, uniq_erolcha

Skill      XL: |  1  2  3  4  5  6  7  8  9 10 11 12 13 14 15 16 |
---------------+-------------------------------------------------+-----
Fighting       | 4 5 6 7 8 10 12 13 15 16 18 19 | 19.2
Short Blades   | 5 6 7 9 10 12 14 15 | 15.0
Dodging        | 6 10 13 15 16 17 | 17.0
Shields        | 6 9 |  9.1
Long Blades    | 5 |  5.2
Armour         | |  1.5

Action                   |  1- 3 |  4- 6 |  7- 9 | 10-12 | 13-15 | 16-18 || total
-------------------------+-------+-------+-------+-------+-------+-------++-------
Melee: Short sword       |    58 |       |       |       |   116 |       ||   174
       Dagger            |    45 |   171 |   268 |   836 |  1481 |  1134 ||  3935
       Quick blade       |       |       |       |       |    20 |       ||    20
Invok: Berserk           |     2 |     3 |     9 |    25 |    37 |    19 ||    95
       Trog's Hand       |       |       |       |       |     4 |     4 ||     8
       Brothers in Arms  |       |       |       |       |       |     1 ||     1
Evoke: Wand              |       |       |       |       |    11 |     6 ||    17
  Use: Scroll            |       |     3 |     2 |     7 |    16 |     8 ||    36
       Potion            |       |     2 |       |     8 |    10 |     4 ||    24
 Stab: Sleeping          |     1 |     1 |       |       |       |       ||     2
       Invisible         |       |       |       |       |     3 |       ||     3
       Confused          |       |       |       |       |     1 |     3 ||     4
       Distracted        |       |       |       |       |     1 |     1 ||     2
  Eat: Chunk             |     9 |    10 |    15 |    57 |    80 |    40 ||   211
Armor: Animal skin       |    20 |       |       |       |       |       ||    20
       Ring mail         |       |    32 |    23 |       |       |       ||    55
       Scale mail        |       |       |    27 |   184 |   109 |       ||   320
       Skin              |       |       |       |    18 |    86 |       ||   104
       Ice dragon scales |       |       |       |       |    85 |   200 ||   285
Dodge: Dodged            |    83 |    83 |   115 |   455 |  1130 |  1031 ||  2897
Block: Shield            |       |       |       |       |       |   119 ||   119
